 Dungeon Crawl Stone Soup version 0.31-a0-1001-g770356a28f (webtiles) character file.

Game seed: 15979105830507339192

957 Maratek the Poker (level 7, -5/61 HPs)
             Began as a Green Draconian Fighter on Nov 8, 2023.
             Killed from afar by a steam dragon (10 damage)
             ... with a ball of steam
             ... on level 7 of the Dungeon.
             The game lasted 00:07:29 (5115 turns).

Maratek the Poker (Green Draconian Fighter)         Turns: 5115, Time: 00:07:30

Health: -5/61      AC: 17    Str: 21    XL:     7   Next: 91%
Magic:  7/7        EV: 13    Int:  8    God:
Gold:   290        SH:  5    Dex: 16    Spells: 6/6 levels left

rFire   . . .        a - +1 trident (protect)
rCold   . . .        b - +0 buckler
rNeg    . . .        (body armour unavailable)
rPois   +            j - +2 hat
rElec   .            k - +1 cloak
rCorr   .            (no gloves)
SInv    .            (no boots)
Will    .....        d - amulet of magic regeneration
Stlth   ++           i - +6 ring of dexterity
HPRegen 0.30/turn    u - ring of wizardry
MPRegen 0.50/turn

%: wizardry (x1)
@: short of breath, under a protective aura
A: breathe noxious fumes, AC +6, unfitting armour, poison resistance,
cold-blooded
a: Breathe Noxious Fumes


You were on level 7 of the Dungeon.
You visited 1 branch of the dungeon, and saw 7 of its levels.

You collected 425 gold pieces.
You spent 135 gold pieces at shops.

Inventory:

Hand Weapons
 a - a +1 trident of protection (weapon)
Armour
 b - a +0 buckler (worn)
 j - a +2 hat (worn)
 k - a +1 cloak (worn)
Jewellery
 d - an amulet of magic regeneration (around neck)
 i - a +6 ring of dexterity (left hand)
 n - an amulet of faith
 u - a ring of wizardry (right hand)
Wands
 q - a wand of iceblast (13)
 v - a wand of flame (22)
Scrolls
 e - 2 scrolls of poison
 g - 3 scrolls of teleportation
 p - a scroll of revelation
Potions
 c - a potion of might
 f - 2 potions of ambrosia {unknown}
 h - 2 potions of resistance {unknown}
 l - 3 potions of mutation {unknown}
 m - 4 potions of degeneration
 o - a potion of attraction {unknown}
 r - a potion of brilliance {unknown}
 t - a potion of enlightenment {unknown}
 w - a potion of heal wounds {unknown}
 x - a potion of curing {unknown}


   Skills:
 + Level 5.0 Fighting
 + Level 6.2 Polearms
 + Level 4.3 Dodging
 + Level 3.1 Stealth
 + Level 4.2 Shields


You had 6 spell levels left.
You didn't know any spells.
Your spell library contained the following spells:

 Spells                   Type           Power      Damage    Failure   Level
 Freeze                   Ice            0%         1d3       21%         1
 Magic Dart               Conj           0%         1d3       21%         1
 Slow                     Hex            0%         N/A       21%         1
 Call Imp                 Summ           0%         N/A       32%         2
 Scorch                   Fire           0%         2d5       32%         2
 Confusing Touch          Hex            0%         N/A       52%         3
 Frozen Ramparts          Ice            0%         1d1       52%         3
 Hailstorm                Conj/Ice       0%         3d3       52%         3
 Mephitic Cloud           Conj/Pois/Air  0%         N/A       52%         3
 Sigil of Binding         Hex            0%         N/A       52%         3
 Vampiric Draining        Necr           0%         2d6       52%         3
 Cause Fear               Hex            0%         N/A       88%         4
 Flame Wave               Conj/Fire      0%         2d4       88%         4
 Fireball                 Conj/Fire      0%         3d3       99%         5
 Simulacrum               Ice/Necr       0%         N/A       100%        6
 Summon Cactus Giant      Summ           0%         N/A       100%        6
 Ozocubu's Refrigeration  Ice            0%         4d7       100%        7
 Dragon's Call            Summ           0%         N/A       100%        9
 Polar Vortex             Ice            0%         N/A       100%        9


Dungeon Overview and Level Annotations

Branches:
Dungeon (7/15)             Temple (0/1) D:7

Altars:
Makhleb
Xom
The Shining One

Shops:
D:2 ?

Annotations:
D:7 Jeremiah


Innate Abilities, Weirdness & Mutations

You can breathe blasts of noxious fumes.
Your lurid green scales are hard. (AC +6)
You cannot fit into any form of body armour.
Your system is resistant to poisons. (rPois)
You are cold-blooded and may be slowed by cold attacks.


Message History

The steam dragon is lightly wounded.
You are engulfed in a cloud of scalding steam.
* * * LOW HITPOINT WARNING * * *
The steam dragon misses you. You block the steam dragon's attack.
You hit the steam dragon.
The steam dragon is moderately wounded.
You are engulfed in a cloud of scalding steam.
The steam dragon bites you but does no damage.
The steam dragon claws you but does no damage.
You barely miss the steam dragon.
The steam dragon is moderately wounded.
The steam dragon bites you but does no damage.
The steam dragon closely misses you.
You hit the steam dragon.
The steam dragon is heavily wounded.
The steam dragon bites you but does no damage.
You block the steam dragon's attack.
You hit the steam dragon but do no damage.
The steam dragon is heavily wounded.
The steam dragon bites you but does no damage.
The steam dragon completely misses you.
You hit the steam dragon.
You tail-slap the steam dragon, but do no damage.
The steam dragon is severely wounded.
You block the steam dragon's attack.
The steam dragon claws you but does no damage.
You closely miss the steam dragon.
The steam dragon is severely wounded.
The steam dragon bites you but does no damage.
The steam dragon claws you but does no damage.
You puncture the steam dragon!
The steam dragon is almost dead.
The steam dragon bites you!
* * * LOW HITPOINT WARNING * * *
The steam dragon claws you but does no damage.
You hit the steam dragon but do no damage.
The steam dragon is almost dead.
The steam dragon breathes steam at you. The ball of steam hits you!
You die...

.. . ......
#### #######
....##.....##
.........?..##
.............#
.............#
.............#
.......D.....#
.......@.....#
..."........<#
............##
....##....)##
### #######


You could see a steam dragon (catching breath).

Vanquished Creatures
  2 ogres (D:5)
  2 phantoms
  A centaur (D:5)
  2 scorpions
  A bullfrog (D:6)
  2 hounds
  A gnoll bouda (D:5)
  Jessica (D:3)
  An iguana (D:6)
  4 gnolls (D:5)
  9 adders
  A shadow imp (D:7)
  2 ufetubi (D:6)
  3 worms
  6 dart slugs
  5 orcs
  5 ball pythons
  6 endoplasms
  2 giant cockroaches (D:2)
  12 goblins
  3 hobgoblins
  3 jackals (D:2)
  A quokka (D:1)
  6 bats
  2 frilled lizards
  2 kobolds
  5 rats
90 creatures vanquished.

Notes
Turn   | Place    | Note
-------+----------+-------------------------------------------
     0 | D:1      | Maratek the Draconian Fighter began the quest for the Orb.
     0 | D:1      | Reached XP level 1. HP: 19/19 MP: 1/1
   164 | D:1      | Reached XP level 2. HP: 26/26 MP: 2/2
   647 | D:1      | Reached XP level 3. HP: 31/33 MP: 3/3
  1013 | D:2      | Found a shimmering altar of Xom.
  1228 | D:2      | You fall into a shaft and drop 2 floors!
  1258 | D:3      | Noticed Jessica
  1263 | D:3      | Killed Jessica
  1264 | D:3      | Reached XP level 4. HP: 40/40 MP: 4/4
  1289 | D:3      | Reached skill level 3 in Polearms
  1851 | D:2      | Found Iskuneu's Magic Scroll Boutique.
  1860 | D:2      | Bought a scroll of brand weapon for 95 gold pieces
  1860 | D:2      | Bought a scroll of identify for 20 gold pieces
  1860 | D:2      | Bought a scroll of identify for 20 gold pieces
  1944 | D:2      | Found a faded altar of an unknown god.
  2428 | D:3      | Reached XP level 5. HP: 46/46 MP: 5/5
  2671 | D:3      | Reached skill level 1 in Stealth
  3107 | D:4      | Reached skill level 4 in Polearms
  3192 | D:4      | Reached XP level 6. HP: 52/52 MP: 6/6
  3278 | D:4      | Found a burning altar of Makhleb.
  3688 | D:5      | Entered Level 5 of the Dungeon
  4061 | D:5      | Reached skill level 5 in Polearms
  4061 | D:5      | Your scales start taking on a lurid green colour.
  4061 | D:5      | Reached XP level 7. HP: 60/60 MP: 7/7
  4061 | D:5      | Gained mutation: Your system is resistant to poisons.
                  | (rPois) [Green Draconian growth]
  4072 | D:5      | Found a glowing golden altar of the Shining One.
  4622 | D:6      | Reached skill level 5 in Fighting
  4622 | D:6      | Reached skill level 6 in Polearms
  4624 | D:6      | Identified the +1 flail of Saesa {drain, rN+ Str-3 Dex+3}
  5028 | D:7      | Noticed a steam dragon
  5028 | D:7      | Found a staircase to the Ecumenical Temple.
  5029 | D:7      | Noticed Jeremiah
  5100 | D:7      | Noticed a steam dragon
  5115 | D:7      | Killed from afar by a steam dragon

Illustrated notes

Levels and vault maps discovered:
D:1:      elethiomel_arrival_infinity_welcomes_careful_drivers,
          layout_loops_ring
D:2:      layout_basic, serial_shops, shop, basic_altar,
          chequers_ecumenical_altar_lobes, minmay_gold_behind_fungi,
          minmay_door_square, minmay_misc_feat_plants
D:3:      layout_basic, grunt_ministairs_7, uniq_jessica
D:4:      layout_loops_corners, bloody_makhleb
D:5:      layout_rooms, nicolae_tso_swordbearing_angel
D:6:      layout_basic
D:7:      layout_rooms, minmay_temple_entry_waves, serial_shops, shop,
          glass_columns_a, uniq_jeremiah, uniq_joseph

Skill      XL: |  1  2  3  4  5  6  7 |
---------------+----------------------+-----
Dodging        | 3 4 |  4.3
Fighting       | 4 5 |  5.0
Polearms       | 3 4 5 6 |  6.2
Stealth        | 1 2 3 |  3.1
Shields        | 4 |  4.2

Action                     |  1- 3 |  4- 6 |  7- 9 || total
---------------------------+-------+-------+-------++-------
  Melee: Trident           |   116 |   161 |    72 ||   349
         Tailslap          |     6 |     8 |    10 ||    24
Ability: Breathe Noxious F |       |       |     9 ||     9
    Use: Scroll            |       |    12 |     1 ||    13
   Stab: Sleeping          |     2 |     9 |       ||    11
         Confused          |       |       |     3 ||     3
 Armour: Skin              |    55 |    70 |    53 ||   178
  Dodge: Dodged            |    47 |    83 |    30 ||   160
  Block: Buckler           |    36 |    33 |    22 ||    91

Table legend: (Time is in decaauts)
 A = Elapsed time spent in this place.
 B = Non-inter-level travel time spent in this place.
 C = Inter-level travel time spent in this place.
 D = Time resting spent in this place.
 E = Time spent auto-exploring this place.
 F = Levels seen in this place.
 G = Mean time per level.
                   A        B        C        D        E       F      G
               +--------+--------+--------+--------+--------+-----+--------+
         Total |   5174 |   4811 |    363 |      0 |   4005 |   7 |  739.1 |
       Dungeon |   5174 |   4811 |    363 |      0 |   4005 |   7 |  739.1 |
               +--------+--------+--------+--------+--------+-----+--------+

Top non-repeatable levels by time:
     D:2: 1098 daAuts
     D:4: 944 daAuts
     D:3: 850 daAuts
     D:1: 849 daAuts
     D:6: 716 daAuts
     D:5: 687 daAuts
     D:7: 27 daAuts
